Map: [ESL] Ghost River

Players

Nanami - Winner!

  • Race: Protoss Protoss
  • Spawn Location: 1:00

Firefly

  • Race: Protoss Protoss
  • Spawn Location: 11:00

Event: ESL SC2 Masters 2024 Spring (Regional)

VOD

Have the link to the VOD?

Description

Time

  • Played on: April 26, 2024, 8:34 a.m.
  • Length: 7:05

All games in this series

Show
View Real Time Build Order
Export as new Build Order

Nanami Protoss - Winner!

Build Orders: Phoenix Opening, Blink Stalkers 

Get SALT Encoding   

  12  0:00  Probe  
  13  0:12  Probe  
  14  0:17  Pylon  
  14  0:24  Probe (Chrono Boost)  
  15  0:36  Probe (Chrono Boost)  
  15  0:37  Gateway  
  16  0:44  Probe (Chrono Boost)  
  16  0:46  Assimilator  
  17  0:51  Probe  
  17  0:55  Assimilator  
  18  1:03  Probe (Chrono Boost)  
  19  1:07  Gateway  
  19  1:12  Probe (Chrono Boost)  
  19  1:17  Probe (Chrono Boost)  
  20  1:24  Cybernetics Core  
  21  1:29  Probe  
  22  1:36  Pylon  
  22  1:41  Probe  
  23  1:54  Probe  
  24  1:57  Pylon  
  24  2:02  Stalker  
  24  2:06  Stalker  
  28  2:10  Warp Gate  
  28  2:19  Pylon  
  28  2:39  Nexus  
  27  2:49  Sentry x2  
  31  2:53  Probe  
  32  2:59  Twilight Council  
  32  3:05  Probe  
  33  3:13  Stalker  
  33  3:17  Probe  
  36  3:22  Phoenix  
  36  3:26  Stalker  
  38  3:29  Probe  
  38  3:30  Shield Battery  
  38  3:33  Blink (Chrono Boost)  
  39  3:51  Probe x2  
  41  4:01  Stalker  
  43  4:03  Probe, Phoenix  
  43  4:05  Stalker  
  43  4:09  Probe  
  47  4:15  Probe  
  48  4:18  Pylon  
  48  4:21  Probe  
  48  4:24  Pylon  
  49  4:25  Stalker  
  49  4:27  Probe  
  52  4:31  Stalker  
  54  4:38  Probe  
  54  4:39  Probe  
  54  4:43  Robotics Facility  
  56  4:51  Stalker  
  59  4:54  Probe  
  60  5:02  Probe  
  60  5:04  Pylon  
  60  5:06  Charge (Chrono Boost)  
  60  5:07  Probe  
  61  5:18  Nexus  
  61  5:24  Gateway  
  61  5:25  Gateway  
  61  5:37  Gateway  
  61  5:38  Gateway  
  61  5:43  Gateway  
  61  5:44  Gateway  
  61  5:48  Warp Prism (Chrono Boost)  
  63  6:01  Zealot x2  
  63  6:04  Pylon  
  67  6:20  Stalker x2  
  67  6:21  Stalker  
  67  6:22  Stalker  
  75  6:39  Zealot x4  
  83  6:43  Zealot x2  
  83  6:45  Zealot x2  
  86  7:01  Zealot x4  
Show
View Real Time Build Order
Export as new Build Order

Firefly Protoss 

Build Orders: Phoenix Opening 

Get SALT Encoding   

  12  0:00  Probe  
  13  0:12  Probe  
  14  0:17  Pylon  
  14  0:24  Probe  
  15  0:35  Gateway  
  15  0:36  Probe (Chrono Boost)  
  16  0:47  Probe (Chrono Boost)  
  16  0:48  Assimilator  
  17  0:51  Probe (Chrono Boost)  
  17  0:57  Assimilator  
  18  1:03  Probe (Chrono Boost)  
  19  1:09  Pylon  
  19  1:15  Probe (Chrono Boost)  
  20  1:22  Cybernetics Core, Probe (Chrono Boost)  
  21  1:28  Zealot  
  21  1:32  Probe  
  24  1:44  Probe  
  25  1:57  Warp Gate (Chrono Boost)  
  25  1:58  Sentry  
  27  2:02  Probe  
  27  2:04  Pylon  
  28  2:22  Nexus  
  28  2:23  Sentry  
  28  2:27  Probe  
  31  2:30  Phoenix  
  31  2:39  Gateway  
  31  2:42  Shield Battery  
  31  2:52  Robotics Facility  
  31  2:56  Probe  
  32  3:03  Sentry  
  34  3:08  Probe  
  35  3:20  Probe  
  36  3:32  Probe  
  37  3:36  Phoenix  
  37  3:37  Immortal (Chrono Boost), Probe  
  42  3:42  Stalker  
  42  3:43  Stalker  
  42  3:46  Probe  
  47  3:50  Probe  
  48  3:56  Pylon  
  48  3:58  Probe  
  48  4:01  Phoenix  
  49  4:04  Probe  
  49  4:09  Warp Prism (Chrono Boost)  
  50  4:11  Probe  
  50  4:16  Probe  
  54  4:24  Probe  
  55  4:28  Probe  
  55  4:31  Immortal (Chrono Boost)  
  56  4:34  Nexus  
  56  4:37  Probe  
  57  4:40  Probe  
  57  4:41  Observer (Chrono Boost)  
  59  4:49  Probe  
  59  4:52  Probe  
  61  4:55  Pylon  
  61  4:59  Twilight Council  
  61  5:01  Forge, Probe  
  60  5:08  Stalker  
  61  5:16  Stalker  
  61  5:18  Probe x2  
  61  5:20  Immortal  
  69  5:21  Assimilator  
  69  5:32  Probe  
  69  5:35  Assimilator  
  70  5:36  Phoenix  
  70  5:38  Pylon  
  70  5:41  Phoenix  
  70  5:46  Probe x2 (Chrono Boost)  
  72  5:51  Probe (Chrono Boost)  
  72  5:54  Gateway  
  72  5:56  Gateway  
  75  5:58  Probe x2 (Chrono Boost)  
  75  6:00  Probe (Chrono Boost), Pylon  
  75  6:03  Probe x2 (Chrono Boost)  
  76  6:07  Probe  
  79  6:11  Gateway  
  79  6:12  Probe  
  79  6:13  Gateway  
  79  6:15  Probe  
  81  6:19  Probe  
  81  6:22  Templar Archives  
  81  6:24  Probe  
  83  6:27  Probe  
  83  6:32  Probe  
  85  6:35  Gateway  
  85  6:38  Gateway  
  86  6:40  Shield Battery  
  86  6:41  Shield Battery  
  86  6:43  Zealot  
  86  6:44  Pylon  
  86  6:45  Zealot  
  71  6:57  Stalker x2  
Tags
 
Add a new tag
Caveats
  • Supply blocks, unpowered buildings, or Contaminate may cause inaccurate times.
  • Supply counts are checked every 10 seconds.